 Dungeon Crawl Stone Soup version 0.26.1-11-gd32895ea62 (webtiles) character file.

Game seed: 14438726463028813406

404 Zeld the Chucker (level 6, -1/39 HPs)
             Began as an Octopode Gladiator on May 22, 2021.
             Killed from afar by an orc wizard (12 damage)
             ... with a puff of flame
             ... on level 4 of the Dungeon.
             The game lasted 00:03:42 (5672 turns).

Zeld the Chucker (Octopode Gladiator)               Turns: 5672, Time: 00:03:42

Health: -1/39      AC:  1    Str: 15    XL:     6   Next: 86%
Magic:  6/6        EV: 14    Int: 11    God:
Gold:   155        SH:  0    Dex: 13    Spells: 5/5 levels left

rFire    . . .     SeeInvis .   a - +0 quarterstaff
rCold    . . .     Faith    .   (shield currently unavailable)
rNeg     . . .     Spirit   .   v - +0 hat
rPois    .         Reflect  .   (no amulet)
rElec    .         Harm     .   (no ring)
rCorr    .         Rampage  .   (no ring)
Will     .....                  (no ring)
Stlth    ++........             (no ring)
HPRegen  0.13/turn              (no ring)
MPRegen  0.10/turn              (no ring)
                                (no ring)
                                (no ring)

@: no status effects
A: almost no armour, stealthy swim, amphibious, 8 rings, constrict 8, camouflage
1, gelatinous body 1
a: no special abilities


You were on level 4 of the Dungeon.
You visited 1 branch of the dungeon, and saw 4 of its levels.

You collected 155 gold pieces.

Inventory:

Hand Weapons
 a - a +0 quarterstaff (weapon)
Missiles
 b - 3 throwing nets
 i - 32 poisoned darts (quivered)
 j - 10 boomerangs
Armour
 v - a +0 hat (worn)
Jewellery
 g - a cursed ring of teleportation {unknown}
 n - an uncursed amulet of regeneration {unknown}
Scrolls
 f - 4 scrolls of identify {unknown}
 k - 2 scrolls of remove curse {unknown}
 m - a scroll of immolation {unknown}
 o - a scroll of amnesia {unknown}
 q - 2 scrolls of teleportation {unknown}
 u - a scroll of enchant armour {unknown}
Potions
 c - a potion of heal wounds {unknown}
 d - a potion of brilliance {unknown}
 e - 3 potions of lignification {unknown}
 h - a potion of berserk rage {unknown}
 l - 2 potions of flight {unknown}
 p - a potion of degeneration {unknown}
 r - a potion of haste
 s - a potion of magic {unknown}
 t - 2 potions of curing {unknown}
 w - a potion of ambrosia {unknown}


   Skills:
 - Level 2.0 Fighting
 * Level 7.1 Throwing
 - Level 3.0 Dodging
 - Level 3.0 Unarmed Combat


You had 5 spell levels left.
You didn't know any spells.
Your spell library was empty.

Dungeon Overview and Level Annotations

Branches:
Dungeon (4/15)
 Temple: D:4-7

Altars:
Gozag
The Shining One

Annotations:
D:3 2 transporters, Golfball's ghost, weakling DrFE


Innate Abilities, Weirdness & Mutations

You cannot wear most types of armour.
You are very stealthy in the water. (Stealth+)
You are amphibious.
You can wear up to eight rings at the same time.
You can use your tentacles to constrict eight enemies at once.
Your skin changes colour to match your surroundings (Stealth+).
Your rubbery body absorbs attacks. (AC +1, EV +1)


Message History

* * * LOW HITPOINT WARNING * * *
The orc barely misses you.
You hit the orc priest. You squeeze the orc priest.
You kill the orc priest!
The orc misses you.
The orc wizard mumbles some strange words.
The orc wizard seems to speed up.
The orc wizard points at itself and mumbles some strange words.
The orc wizard flickers and vanishes!
Deactivating autopickup; reactivate with Ctrl-A.
The quokka barely misses you.
Found 15 gold pieces.
The quokka closely misses you.
You see here 15 gold pieces.
The quokka bites you.
* * * LOW HITPOINT WARNING * * *
You hear some strange, mumbled words.
A puff of flame appears from out of thin air!
The puff of flame hits you!
You die...

..###...###...##
##...# ##...o#
##...##....# ##.....#
##.......# #.....o##
##......# #......o.#
##.....# .........#
###....##
..#......####......#
.###....{r#........#
#...#@..............
##.......########....
#.....).## ...# #..
##......## ... #...
#.......# .. #..#
##......###
#...##.........#
##...##............
##.........#####.>...


You could see 3 orcs and a quokka.

Vanquished Creatures
  Sigmund (D:2)
  An orc priest (D:4)
  A hound (D:2)
  A worker ant (D:4)
  5 gnolls
  5 adders
  An ooze (D:1)
  2 worms (D:2)
  A leopard gecko (D:2)
  4 orcs
  3 ball pythons
  4 bats
  8 giant cockroaches
  13 hobgoblins
  A quokka (D:2)
  3 frilled lizards
  6 goblins
  4 kobolds
  7 rats
71 creatures vanquished.

Notes
Turn   | Place    | Note
-------+----------+-------------------------------------------
     0 | D:1      | Zeld the Octopode Gladiator began the quest for the Orb.
     0 | D:1      | Reached XP level 1. HP: 14/14 MP: 1/1
   422 | D:1      | Reached XP level 2. HP: 19/19 MP: 2/2
   715 | D:1      | Reached skill level 3 in Throwing
   771 | D:1      | You fall into a shaft and drop 1 floor!
   783 | D:2      | Reached XP level 3. HP: 14/24 MP: 3/3
  1203 | D:2      | Found an opulent altar of Gozag.
  1324 | D:2      | Noticed Sigmund
  2237 | D:2      | Reached skill level 4 in Throwing
  2237 | D:2      | Reached XP level 4. HP: 27/29 MP: 4/4
  2455 | D:2      | Found a glowing golden altar of the Shining One.
  3700 | D:2      | Killed Sigmund
  3701 | D:2      | Reached skill level 6 in Throwing
  3701 | D:2      | Reached XP level 5. HP: 26/34 MP: 5/5
  3701 | D:2      | Reached XP level 6. HP: 30/39 MP: 6/6
  3819 | D:3      | Found a transporter.
  4275 | D:3      | Noticed Golfball's ghost (weakling DrFE)
  4477 | D:3      | Found a transporter.
  5617 | D:4      | Reached skill level 7 in Throwing
  5672 | D:4      | Killed from afar by an orc wizard

Illustrated notes

Levels and vault maps discovered:
D:1:      lightli_molten_gateway, layout_loops_corners
D:2:      layout_basic, grunt_gozag_statues, old_standard_altar, uniq_sigmund
D:3:      layout_basic, gammafunk_ghost_stat_death
D:4:      layout_layer_cave, overflow_temple_1_default

Skill      XL: |  1  2  3  4  5  6 |
---------------+-------------------+-----
Throwing       | 3 4 6 7 |  7.1
Fighting       | |  2.0
Dodging        | |  3.0
Unarmed Combat | |  3.0

Action                   |  1- 3 |  4- 6 || total
-------------------------+-------+-------++-------
Melee: Unarmed           |    64 |   109 ||   173
       Tentacles         |    16 |    22 ||    38
       Constrict         |    19 |    26 ||    45
       Punch             |     1 |     5 ||     6
       Quarterstaff      |       |    11 ||    11
 Stab: Sleeping          |     5 |     7 ||    12
       Distracted        |     1 |       ||     1
Armor: Skin              |     2 |     6 ||     8
Dodge: Dodged            |    53 |    74 ||   127
